EL
TENNESSEE SMOKIES @ READING FIGHTIN PHILS
07/08/2048
 
TOP OF THE 1ST
Tennessee Smokies batting - Pitching for Reading Fightin Phils : LHP Shirou Yoshida
Pitching: LHP Shirou Yoshida
Batting: RHB Eric Wiss 0-0: Foul Ball, location: 2F
0-1: Ball
1-1: Swinging Strike
1-2: Ball
2-2: Strikes out swinging
Batting: RHB Khalil Stephens 0-0: Foul Ball, location: 2F
0-1: Called Strike
0-2: Strikes out swinging
Batting: RHB Brad Santanello 0-0: Called Strike
0-1: TRIPLE (Groundball, 5L, EV 106.9 MPH)
Batting: RHB David Barnard 0-0: Ball
1-0: 2-RUN HOME RUN (Flyball, 9D, EV 93.8 MPH), Distance : 366 ft
Batting: RHB Sam Sours 0-0: SOLO HOME RUN (Line Drive, 7D, EV 96.9 MPH), Distance : 364 ft
Batting: LHB Angel Oropeza 0-0: Swinging Strike
0-1: Foul Ball, location: 2F
0-2: Foul Ball, location: 2F
0-2: Ball
1-2: Ball
2-2: Strikes out looking
Top of the 1st over - 3 runs, 3 hits, 0 errors, 0 left on base; Tennessee 3 - Reading 0
BOTTOM OF THE 1ST
Reading Fightin Phils batting - Pitching for Tennessee Smokies : RHP Bogdan Sdobnyakov
Pitching: RHP Bogdan Sdobnyakov
Batting: RHB Tony Perez 0-0: Called Strike
0-1: Ball
1-1: Ball
2-1: Foul Ball, location: 2F
2-2: Ball
3-2: Strikes out swinging
Batting: RHB Chris Myers 0-0: Foul Ball, location: 2F
0-1: Ball
1-1: Ground out 5-3 (Groundball, 56S, EV 76.2 MPH)
Batting: RHB Guan-pei Gao 0-0: Ball
1-0: Foul Ball, location: 2F
1-1: Called Strike
1-2: SINGLE (Line Drive, 78S, EV 88.8 MPH)
Batting: LHB Danny Zuniga 0-0: Foul Ball, location: 2F
0-1: Ball
1-1: Swinging Strike
1-2: Strikes out swinging
Bottom of the 1st over - 0 runs, 1 hit, 0 errors, 1 left on base; Tennessee 3 - Reading 0
TOP OF THE 2ND
Tennessee Smokies batting - Pitching for Reading Fightin Phils : LHP Shirou Yoshida
Batting: RHB Armando Vilano 0-0: Ball
1-0: Called Strike
1-1: Ball
2-1: Foul Ball, location: 2F
2-2: Ball
3-2: Base on Balls
Batting: RHB Jonathan Sotelo 0-0: Ball
1-0: SINGLE (Groundball, 13, EV 86.2 MPH) (infield hit)
Armando Vilano to second
Batting: RHB Jerry Blas 0-0: Ball
1-0: Swinging Strike
1-1: Ball
2-1: SINGLE (Line Drive, 34, EV 94.4 MPH)
Armando Vilano to third
Jonathan Sotelo to second
Batting: RHB Eric Wiss 0-0: Ball
1-0: Ball
2-0: Ball
3-0: Called Strike
3-1: Base on Balls
Armando Vilano scores
Jonathan Sotelo to third
Jerry Blas to second
Batting: RHB Khalil Stephens 0-0: SINGLE (Groundball, 6D, EV 106.2 MPH)
Jonathan Sotelo scores
Jerry Blas to third
Eric Wiss to second
Pitching: RHP John Hughes
Batting: RHB Brad Santanello 0-0: Ball
1-0: Ball
2-0: Ball
3-0: Base on Balls
Jerry Blas scores
Eric Wiss to third
Khalil Stephens to second
Batting: RHB David Barnard 0-0: Called Strike
0-1: Foul Ball, location: 2F
0-2: Fielders Choice at 2nd, 6-4 (Groundball, 6, EV 101.2 MPH)
Eric Wiss scores
Khalil Stephens to third
Batting: RHB Sam Sours 0-0: Called Strike
0-1: Swinging Strike
0-2: Foul Ball, location: 2F
0-2: SINGLE (Groundball, 5S, EV 69.4 MPH) (infield hit)
Khalil Stephens scores
David Barnard to second
Batting: LHB Angel Oropeza 0-0: Called Strike
0-1: Grounds into double play, 4-6-3 (Groundball, 4S, EV 84.4 MPH)
Top of the 2nd over - 5 runs, 4 hits, 0 errors, 1 left on base; Tennessee 8 - Reading 0
BOTTOM OF THE 2ND
Reading Fightin Phils batting - Pitching for Tennessee Smokies : RHP Bogdan Sdobnyakov
Batting: LHB Alex Fernandez 0-0: Ball
1-0: Ball
2-0: Ground out 6-3 (Groundball, 6, EV 90.6 MPH)
Batting: RHB Pablo Lopez 0-0: Ball
1-0: Ball
2-0: Called Strike
2-1: Swinging Strike
2-2: Strikes out swinging
Batting: LHB Doug Frampton 0-0: Foul Ball, location: 2F
0-1: Ball
1-1: Foul Ball, location: 2F
1-2: Strikes out looking
Bottom of the 2nd over - 0 runs, 0 hits, 0 errors, 0 left on base; Tennessee 8 - Reading 0
TOP OF THE 3RD
Tennessee Smokies batting - Pitching for Reading Fightin Phils : RHP John Hughes
Batting: RHB Armando Vilano 0-0: Ball
1-0: Ball
2-0: Called Strike
2-1: SINGLE (Groundball, 5S, EV 75.6 MPH) (infield hit)
Batting: RHB Jonathan Sotelo 0-0: Called Strike
Armando Vilano steals 2nd base
0-1: Foul Ball, location: 2F
0-2: Ball
1-2: Ball
2-2: Fly out, F6 (Line Drive, 6, EV 69.4 MPH)
Lined into DP, 6-4 (Line Drive, 6, EV 66.2 MPH)
Batting: RHB Jerry Blas 0-0: Ball
1-0: Ball
2-0: Called Strike
2-1: SINGLE (Groundball, 56D, EV 108.1 MPH)
Batting: RHB Eric Wiss 0-0: Ball
1-0: Foul Ball, location: 2F
1-1: Ball
2-1: Ball
3-1: Base on Balls
Jerry Blas to second
Batting: RHB Khalil Stephens 0-0: Ball
1-0: Foul Ball, location: 2F
1-1: Ball
2-1: Foul Ball, location: 2F
2-2: Foul Ball, location: 2F
2-2: Foul Ball, location: 2F
2-2: Ball
3-2: Base on Balls
Jerry Blas to third
Eric Wiss to second
Batting: RHB Brad Santanello 0-0: Swinging Strike
0-1: Ball
1-1: Ball
2-1: SINGLE (Line Drive, 8LS, EV 102.5 MPH)
Jerry Blas scores
Eric Wiss to third
Khalil Stephens to second
Runner from 3rd tries for Home, SAFE, throw by CF to home
Batting: RHB David Barnard 0-0: Called Strike
0-1: Foul Ball, location: 2F
0-2: Foul Ball, location: 2F
0-2: Fielders Choice at 2nd, 6-4 (Groundball, 6, EV 87.5 MPH)
Top of the 3rd over - 2 runs, 3 hits, 0 errors, 2 left on base; Tennessee 10 - Reading 0
BOTTOM OF THE 3RD
Reading Fightin Phils batting - Pitching for Tennessee Smokies : RHP Bogdan Sdobnyakov
Batting: RHB Jose Corral 0-0: SINGLE (Groundball, 56D, EV 102.5 MPH)
Batting: RHB Prabhukumar Santhanakrishnan 0-0: Ball
1-0: Called Strike
1-1: Ball
2-1: SINGLE (Flyball, 56D, EV 86.9 MPH)
Jose Corral to second
Batting: RHB Tony Perez 0-0: Hit by Pitch
Jose Corral to third
Prabhukumar Santhanakrishnan to second
Batting: RHB Chris Myers 0-0: Called Strike
0-1: Ball
1-1: Swinging Strike
1-2: Ball
2-2: Foul Ball, location: 2F
2-2: Strikes out swinging
Batting: RHB Guan-pei Gao 0-0: Ball
1-0: Grounds into double play, U5-3 (Groundball, 5L, EV 86.9 MPH)
Bottom of the 3rd over - 0 runs, 2 hits, 0 errors, 2 left on base; Tennessee 10 - Reading 0
TOP OF THE 4TH
Tennessee Smokies batting - Pitching for Reading Fightin Phils : RHP John Hughes
Batting: RHB Sam Sours 0-0: Ball
1-0: Called Strike
1-1: Foul Ball, location: 2F
1-2: SINGLE (Groundball, 56D, EV 94.4 MPH)
Pitching: RHP T.J. Gray
Batting: LHB Angel Oropeza 0-0: Called Strike
0-1: Ball
1-1: Ball
2-1: Foul Ball, location: 2F
2-2: Foul Ball, location: 2F
2-2: Ball
3-2: Grounds into double play, 4-6-3 (Groundball, 4, EV 83.8 MPH)
Batting: RHB Armando Vilano 0-0: Called Strike
0-1: Ball
1-1: Ground out 5-3 (Groundball, 56, EV 103.1 MPH)
Top of the 4th over - 0 runs, 1 hit, 0 errors, 0 left on base; Tennessee 10 - Reading 0
BOTTOM OF THE 4TH
Reading Fightin Phils batting - Pitching for Tennessee Smokies : RHP Bogdan Sdobnyakov
Batting: LHB Danny Zuniga 0-0: Ground out U3 (Groundball, 34, EV 80.0 MPH)
Batting: LHB Alex Fernandez 0-0: Ball
1-0: Called Strike
1-1: Ball
2-1: Foul Ball, location: 2F
2-2: Ground out U3 (Groundball, 3, EV 93.8 MPH)
Batting: RHB Pablo Lopez 0-0: Called Strike
0-1: Called Strike
0-2: Ball
1-2: Ball
2-2: Ground out 4-3 (Groundball, 4MD, EV 85.0 MPH)
Bottom of the 4th over - 0 runs, 0 hits, 0 errors, 0 left on base; Tennessee 10 - Reading 0
TOP OF THE 5TH
Tennessee Smokies batting - Pitching for Reading Fightin Phils : RHP T.J. Gray
Batting: RHB Jonathan Sotelo 0-0: Ball
1-0: Ball
2-0: Ball
3-0: Called Strike
3-1: Called Strike
3-2: Ground out 5-3 (Groundball, 56S, EV 72.5 MPH)
Batting: RHB Jerry Blas 0-0: Ball
1-0: Fly out, F9 (Flyball, 9, EV 87.5 MPH)
Batting: RHB Eric Wiss 0-0: Called Strike
0-1: DOUBLE (Line Drive, 9LS, EV 108.1 MPH)
Batting: RHB Khalil Stephens 0-0: Foul Ball, location: 2F
0-1: Ball
Wild Pitch!
Eric Wiss to third
1-1: Fly out, F8 (Flyball, 78D, EV 86.2 MPH)
Top of the 5th over - 0 runs, 1 hit, 0 errors, 1 left on base; Tennessee 10 - Reading 0
BOTTOM OF THE 5TH
Reading Fightin Phils batting - Pitching for Tennessee Smokies : RHP Bogdan Sdobnyakov
Batting: LHB Doug Frampton 0-0: Ball
1-0: Ball
2-0: Ball
3-0: Base on Balls
Batting: RHB Jose Corral 0-0: Ball
1-0: Swinging Strike
1-1: Called Strike
1-2: 2-RUN HOME RUN (Flyball, 78XD, EV 105.6 MPH), Distance : 400 ft
Batting: RHB Prabhukumar Santhanakrishnan 0-0: Ball
1-0: Foul Ball, location: 2F
1-1: Swinging Strike
1-2: Foul Ball, location: 2F
1-2: Foul Ball, location: 2F
1-2: Ball
2-2: Foul Ball, location: 2F
2-2: Ball
3-2: Foul Ball, location: 2F
3-2: Foul Ball, location: 2F
3-2: Base on Balls
Batting: RHB Tony Perez 0-0: Called Strike
0-1: Ball
1-1: Ball
2-1: Ball
3-1: Base on Balls
Prabhukumar Santhanakrishnan to second
Batting: RHB Chris Myers 0-0: Called Strike
0-1: Ball
1-1: Ball
2-1: Ball
3-1: Base on Balls
Prabhukumar Santhanakrishnan to third
Tony Perez to second
Batting: RHB Guan-pei Gao 0-0: Swinging Strike
0-1: Swinging Strike
0-2: Ball
1-2: SINGLE (Line Drive, 56D, EV 100.0 MPH)
Prabhukumar Santhanakrishnan scores
Tony Perez to third
Chris Myers to second
Batting: LHB Danny Zuniga 0-0: Ball
1-0: Ball
2-0: Foul Ball, location: 2F
2-1: Ball
3-1: Foul Ball, location: 2F
3-2: Base on Balls
Tony Perez scores
Chris Myers to third
Guan-pei Gao to second
Pitching: RHP Ryan Masterson
Batting: LHB Alex Fernandez 0-0: Ball
1-0: Called Strike
1-1: Foul Ball, location: 2F
1-2: Foul Ball, location: 2F
1-2: Strikes out swinging
Batting: RHB Pablo Lopez 0-0: Ball
1-0: Ball
2-0: Called Strike
2-1: Ball
3-1: Fielders Choice at 2nd, 6-4 (Groundball, 6, EV 85.0 MPH)
Chris Myers scores
Guan-pei Gao to third
Batting: LHB Doug Frampton 0-0: Called Strike
0-1: Ball
1-1: 3-RUN HOME RUN (Flyball, 9D, EV 96.2 MPH), Distance : 373 ft
Batting: RHB Jose Corral 0-0: Ground out U3 (Groundball, 34, EV 83.1 MPH)
Bottom of the 5th over - 8 runs, 3 hits, 0 errors, 0 left on base; Tennessee 10 - Reading 8
TOP OF THE 6TH
Tennessee Smokies batting - Pitching for Reading Fightin Phils : RHP T.J. Gray
Batting: RHB Brad Santanello 0-0: Foul Ball, location: 2F
0-1: Ball
1-1: Ball
2-1: Ground out 6-3 (Groundball, 6, EV 86.2 MPH)
Batting: RHB David Barnard 0-0: Ground out 5-3 (Groundball, 56, EV 88.1 MPH)
Batting: RHB Sam Sours 0-0: Swinging Strike
0-1: Foul Ball, location: 2F
0-2: Ball
1-2: Strikes out looking
Top of the 6th over - 0 runs, 0 hits, 0 errors, 0 left on base; Tennessee 10 - Reading 8
BOTTOM OF THE 6TH
Reading Fightin Phils batting - Pitching for Tennessee Smokies : RHP Ryan Masterson
Batting: RHB Prabhukumar Santhanakrishnan 0-0: Ball
1-0: Fly out, F3 (Popup, 34, EV 78.8 MPH)
Batting: RHB Tony Perez 0-0: Foul Ball, location: 2F
0-1: Ball
1-1: Called Strike
1-2: Ball
2-2: Ball
3-2: Fly out, F8 (Flyball, 8RXD, EV 90.6 MPH)
Batting: RHB Chris Myers 0-0: SINGLE (Groundball, 4MD, EV 100.0 MPH)
Batting: RHB Guan-pei Gao 0-0: Fielders Choice at 2nd, 6-4 (Groundball, 6, EV 83.8 MPH)
Bottom of the 6th over - 0 runs, 1 hit, 0 errors, 1 left on base; Tennessee 10 - Reading 8
TOP OF THE 7TH
Tennessee Smokies batting - Pitching for Reading Fightin Phils : RHP T.J. Gray
Pitching: RHP Ron Knowles
Batting: LHB Angel Oropeza 0-0: Foul Ball, location: 2F
0-1: Fly out, F9 (Flyball, 9LSF, EV 88.1 MPH)
Batting: RHB Armando Vilano 0-0: Ground out 6-3 (Groundball, 6, EV 78.8 MPH)
Batting: RHB Jonathan Sotelo 0-0: Foul Ball, location: 2F
0-1: Swinging Strike
0-2: Foul Ball, location: 2F
0-2: Foul Ball, location: 2F
0-2: Strikes out swinging
Top of the 7th over - 0 runs, 0 hits, 0 errors, 0 left on base; Tennessee 10 - Reading 8
BOTTOM OF THE 7TH
Reading Fightin Phils batting - Pitching for Tennessee Smokies : RHP Ryan Masterson
Batting: LHB Danny Zuniga 0-0: Called Strike
0-1: Ball
1-1: Foul Ball, location: 2F
1-2: Ball
2-2: Foul Ball, location: 2F
2-2: Ball
3-2: Fly out, F9 (Line Drive, 89S, EV 91.9 MPH)
Batting: LHB Alex Fernandez 0-0: Ball
1-0: Called Strike
1-1: Swinging Strike
1-2: Ground out 5-3 (Groundball, 5L, EV 90.0 MPH)
Batting: RHB Pablo Lopez 0-0: Called Strike
0-1: Ball
1-1: Ball
2-1: Swinging Strike
2-2: Strikes out swinging
Bottom of the 7th over - 0 runs, 0 hits, 0 errors, 0 left on base; Tennessee 10 - Reading 8
TOP OF THE 8TH
Tennessee Smokies batting - Pitching for Reading Fightin Phils : RHP Ron Knowles
Pitching: LHP Eddie San Miguel
Batting: RHB Jerry Blas 0-0: Ball
1-0: Fly out, F8 (Flyball, 8LXD, EV 98.1 MPH)
Batting: RHB Eric Wiss 0-0: Ball
1-0: DOUBLE (Line Drive, 9LS, EV 100.6 MPH)
Batting: RHB Khalil Stephens 0-0: Ball
1-0: Ball
2-0: Ball
3-0: Called Strike
3-1: Base on Balls
Batting: RHB Brad Santanello 0-0: Ball
Eric Wiss steals 3rd, throwing error, E2
Eric Wiss scores
Khalil Stephens to third
1-0: Intentional Walk
Batting: RHB David Barnard 0-0: Foul Ball, location: 2F
0-1: Called Strike
0-2: Fly out, F4 (Line Drive, 4, EV 72.5 MPH)
Batting: RHB Sam Sours 0-0: Ball
1-0: Foul Ball, location: 2F
1-1: Ball
2-1: Ball
3-1: Foul Ball, location: 2F
3-2: Base on Balls
Brad Santanello to second
Batting: LHB Angel Oropeza 0-0: Ball
1-0: SINGLE (Line Drive, 4MD, EV 96.2 MPH)
Khalil Stephens scores
Brad Santanello to third
Sam Sours to second
Runner from 3rd tries for Home, SAFE, throw by CF to home
Now in CF: Alex Fernandez
Now in RF: Alan Weller
Batting: RHB Armando Vilano 0-0: Fly out, F9 (Flyball, 9S, EV 81.2 MPH)
Top of the 8th over - 3 runs, 2 hits, 1 error, 2 left on base; Tennessee 13 - Reading 8
BOTTOM OF THE 8TH
Reading Fightin Phils batting - Pitching for Tennessee Smokies : RHP Ryan Masterson
Batting: LHB Doug Frampton 0-0: Foul Ball, location: 2F
0-1: Ball
1-1: Called Strike
1-2: Ball
2-2: Foul Ball, location: 2F
2-2: Strikes out looking
Batting: RHB Jose Corral 0-0: Swinging Strike
0-1: Ball
1-1: Called Strike
1-2: Ball
2-2: Ball
3-2: Base on Balls
Pitching: RHP Trevor Woodbury
Batting: RHB Alan Weller 0-0: Ball
1-0: Swinging Strike
1-1: Ball
2-1: SINGLE (Groundball, 4MD, EV 101.2 MPH)
Jose Corral to second
Batting: RHB Tony Perez 0-0: Ball
1-0: Called Strike
1-1: Ball
2-1: Ball
3-1: Foul Ball, location: 2F
3-2: Foul Ball, location: 2F
3-2: Foul Ball, location: 2F
3-2: Strikes out swinging
Batting: RHB Chris Myers 0-0: Ball
1-0: Fly out, F5 (Flyball, 5D, EV 96.9 MPH)
Bottom of the 8th over - 0 runs, 1 hit, 0 errors, 2 left on base; Tennessee 13 - Reading 8
TOP OF THE 9TH
Tennessee Smokies batting - Pitching for Reading Fightin Phils : LHP Eddie San Miguel
Pitching: RHP Jeremy Mitchem
Batting: RHB Jonathan Sotelo 0-0: Called Strike
0-1: Ball
1-1: Swinging Strike
1-2: Ground out 4-3 (Groundball, 34, EV 86.9 MPH)
Batting: RHB Jerry Blas 0-0: Ball
1-0: Ground out 6-3 (Groundball, 6, EV 88.1 MPH)
Batting: RHB Eric Wiss 0-0: Called Strike
0-1: Called Strike
0-2: Ball
1-2: SINGLE (Flyball, 7S, EV 90.6 MPH)
Batting: RHB Khalil Stephens 0-0: Called Strike
Eric Wiss steals 2nd, throwing error, E2
Eric Wiss to third
0-1: Called Strike
0-2: Ball
1-2: Ball
2-2: Strikes out swinging
Top of the 9th over - 0 runs, 1 hit, 1 error, 1 left on base; Tennessee 13 - Reading 8
BOTTOM OF THE 9TH
Reading Fightin Phils batting - Pitching for Tennessee Smokies : RHP Trevor Woodbury
Batting: RHB Guan-pei Gao 0-0: Called Strike
0-1: Foul Ball, location: 2F
0-2: Ball
1-2: Ground out 4-3 (Groundball, 4, EV 98.1 MPH)
Batting: LHB Danny Zuniga 0-0: Foul Ball, location: 2F
0-1: SOLO HOME RUN (Flyball, 89XD, EV 101.2 MPH), Distance : 413 ft
Batting: LHB Alex Fernandez 0-0: Ball
1-0: Foul Ball, location: 2F
1-1: Ground out 5-3 (Groundball, 56S, EV 86.9 MPH)
Batting: RHB Pablo Lopez 0-0: Foul Ball, location: 2F
0-1: Swinging Strike
0-2: Foul Ball, location: 2F
0-2: Strikes out swinging
Bottom of the 9th over - 1 run, 1 hit, 0 errors, 0 left on base; Tennessee 13 - Reading 9
Tuesday, March 28th , 2023 - OOTP Baseball 23.10 Build 110